 Dungeon Crawl Stone Soup version 0.29.1-13-g9f3cf754e1 (webtiles) character file.

Game seed: 11181553592116372980

34 Heoruswealwe the Insei (level 3, 0/26 HPs)
             Began as a Human Transmuter on Feb 2, 2023.
             Slain by a kobold
             ... wielding a +0 club
              (4 damage)
             ... on level 2 of the Dungeon.
             The game lasted 00:11:44 (956 turns).

Heoruswealwe the Insei (Human Transmuter)            Turns: 956, Time: 00:11:45

Health: 0/26       AC:  2    Str: 12    XL:     3   Next: 50%
Magic:  6/6        EV: 12    Int: 13    God:
Gold:   57         SH:  0    Dex: 13    Spells: 5/6 levels left

rFire   . . .      SeeInvis .     - Unarmed
rCold   . . .      Faith    .   (no shield)
rNeg    . . .      Spirit   .   a - +0 robe
rPois   .          Reflect  .   (helmet currently unavailable)
rElec   .          Harm     .   (no cloak)
rCorr   .          Rampage  .   (no gloves)
Will    .....                   (boots currently unavailable)
Stlth   +.........              (no amulet)
HPRegen 0.08/turn               (no ring)
MPRegen 0.10/turn               (no ring)

@: appendages (expiring)
A: horns 2, talons 2
a: End Transformation


You were on level 2 of the Dungeon.
You had temporarily grown beastly horns and talons.
You visited 1 branch of the dungeon, and saw 3 of its levels.

You collected 57 gold pieces.

Inventory:

Hand Weapons
 c - a +0 mace
 d - a +0 whip
 i - a +0 dagger
 j - a +0 sling
 k - a +0 club
 l - a +0 club
 p - a +0 short sword
 r - a +0 club
Missiles
 f - 2 datura-tipped darts
Armour
 a - a +0 robe (worn)
 g - a +0 leather armour
 m - a +0 buckler
 o - a +0 scale mail
Scrolls
 h - a scroll of amnesia
 q - a scroll of enchant armour {unknown}
Potions
 b - a potion of lignification
 e - 2 potions of berserk rage
 n - a potion of degeneration {unknown}


   Skills:
 * Level 1.4 Fighting
 * Level 2.1 Dodging
 + Level 3.4 Unarmed Combat
 * Level 2.2 Spellcasting
 * Level 2.5 Transmutations


You had 5 spell levels left.
You knew the following spells:

 Your Spells              Type           Power      Damage    Failure   Level
a - Beastly Appendage     Tmut           16%        N/A       9%          1

Your spell library contained the following spells:

 Spells                   Type           Power      Damage    Failure   Level
 Wereblood                Tmut           8%         N/A       14%         2
 Spider Form              Tmut/Pois      4%         N/A       41%         3
 Ice Form                 Ice/Tmut       4%         N/A       83%         4


Dungeon Overview and Level Annotations

Branches:
Dungeon (3/15)

Altars:


Innate Abilities, Weirdness & Mutations

You have temporarily grown beastly horns and talons.


Message History

A hobgoblin comes into view.
Casting: Beastly Appendage (safe; 10% risk of failure)
Confirm with . or Enter, or press ? or * to list all spells.
You grow a pair of large bovine horns.
Your feet morph into talons.
You hit the hobgoblin. Your headbutt misses the hobgoblin.
The hobgoblin is almost dead.
The hobgoblin closely misses you.
You hit the hobgoblin but do no damage.
The hobgoblin is almost dead.
The hobgoblin barely misses you.
You hit the hobgoblin.
You kill the hobgoblin!
A kobold comes into view. It is wielding a +0 club.
You barely miss the hobgoblin.
The kobold shouts!
You claw the hobgoblin.
The hobgoblin is severely wounded.
The hobgoblin hits you.
You closely miss the hobgoblin. Your kick misses the hobgoblin.
The hobgoblin is severely wounded.
The hobgoblin hits you.
You barely miss the hobgoblin.
You claw the hobgoblin, but do no damage.
Your headbutt misses the hobgoblin.
The hobgoblin is severely wounded.
The hobgoblin hits you.
You closely miss the hobgoblin.
The hobgoblin is severely wounded.
The hobgoblin hits you.
You hit the hobgoblin but do no damage. You claw the hobgoblin.
Your headbutt misses the hobgoblin.
The hobgoblin is almost dead.
Your transformation is almost over.
The hobgoblin hits you.
* * * LOW HITPOINT WARNING * * *
You punch the hobgoblin!
You kill the hobgoblin!
You closely miss the kobold. Your kick misses the kobold.
The kobold hits you with a +0 club.
You die...

#.#.##.........#
#.###....†......
#........#.....# #.
####.###...#
###.##...####.## #..
..... ....##...# .#
###........ .........#
............ .........#
... ..####### ....##...#
.. ....
.....#...#########.###.#.
.....#..........@K......
.....#...##.######.###..
.....#...##.# #
............#
..........#.#
..........#.#
..†.......#.#
##........#.#
#.........#.#


You could see a kobold.

Vanquished Creatures
  A worm (D:2)
  2 endoplasms (D:1)
  A giant cockroach (D:1)
  8 hobgoblins
  A quokka (D:1)
  5 ball pythons
  3 bats (D:1)
  A frilled lizard (D:1)
  2 goblins
  2 kobolds (D:2)
  5 rats
31 creatures vanquished.

Notes
Turn   | Place    | Note
-------+----------+-------------------------------------------
     0 | D:1      | Heoruswealwe the Human Transmuter began the quest for the
                  | Orb.
     0 | D:1      | Reached XP level 1. HP: 15/15 MP: 3/3
   122 | D:1      | Reached XP level 2. HP: 9/21 MP: 5/5
   575 | D:1      | Reached XP level 3. HP: 22/26 MP: 4/6
   956 | D:2      | Slain by a kobold

Illustrated notes

Levels and vault maps discovered:
D:1:      dpeg_chamrin_arrival_tetris, layout_loops_ring, minmay_tetromino_i4
D:2:      layout_basic
D:3:      layout_loops_cross, chequers_ecumenical_altar_simple,
          nicolae_eternal_life

Action                   || total
-------------------------++-------
Melee: Unarmed           ||    83
       Kick              ||    18
       Headbutt          ||     8
 Cast: Beastly Appendage ||    17
  Use: Scroll            ||     3
       Potion            ||     1
 Stab: Sleeping          ||     1
Armor: Robe              ||    13
Dodge: Dodged            ||    44
